 Dungeon Crawl Stone Soup version 0.25-a0-565-g8875c97ebb (webtiles) character file.

Game seed: 4294808291777982815, levelgen mode: deterministic

159 Flugslaktarn the Covered (level 5, -3/50 HPs)
             Began as a Deep Dwarf Fighter on Feb 26, 2020.
             Slain by an ogre
             ... wielding a +0 giant club
              (22 damage)
             ... on level 4 of the Dungeon.
             The game lasted 00:00:35 (730 turns).

Flugslaktarn the Covered (Deep Dwarf Fighter)        Turns: 730, Time: 00:00:36

Health: -3/50      AC:  9    Str: 21    XL:     5   Next: 17%
Magic:  5/5        EV:  7    Int:  8    God:
Gold:   65         SH:  9    Dex: 12    Spells: 4/4 levels left

rFire    . . .     SeeInvis .   a - +0 war axe
rCold    . . .     Gourm    .   c - +0 kite shield
rNeg     . . .     Faith    .   b - +0 scale mail
rPois    .         Spirit   .   i - +0 helmet
rElec    .         Reflect  .   (no cloak)
rCorr    .         Harm     .   n - +0 pair of gloves
MR       .....                  (no boots)
Stlth    ..........             (no amulet)
HPRegen  0.00/turn              (no ring)
MPRegen  0.09/turn              (no ring)

@: non-regenerating
A: damage resistance, heal wounds, sense surroundings 1, no regeneration
a: Heal Wounds


You were on level 4 of the Dungeon.
You were not hungry.

You visited 1 branch of the dungeon, and saw 4 of its levels.

You collected 65 gold pieces.

Inventory:

Hand Weapons
 a - a +0 war axe (weapon)
Armour
 b - a +0 scale mail (worn)
 c - a +0 kite shield (worn)
 i - a +0 helmet (worn)
   (You found it on level 2 of the Dungeon)
 n - a +0 pair of gloves (worn)
   (You found it on level 3 of the Dungeon)
Scrolls
 h - a scroll of magic mapping {unknown}
 j - 3 scrolls of identify {unknown}
 k - 3 scrolls of blinking {unknown}
 l - a scroll of noise {unknown}
 m - a scroll of enchant armour {unknown}
Potions
 d - 2 potions of might
 g - a potion of degeneration {unknown}
Comestibles
 e - 4 rations
 f - 6 chunks of flesh


   Skills:
 * Level 3.8 Fighting
 * Level 3.8 Axes
 + Level 4.0 Armour
 + Level 3.9 Shields


You had 4 spell levels left.
You didn't know any spells.
Your spell library was empty.

Dungeon Overview and Level Annotations

Branches:
Dungeon (4/15)
 Temple: D:4-7

Altars:


Innate Abilities, Weirdness & Mutations

You are resistant to damage.
You can heal yourself by infusing magical energy.
You passively map a small area around you.
You do not regenerate.


Message History

You kill the worm!
You butcher the worm corpse.
f - 7 chunks of flesh (gained 2) Some of the chunks of flesh in your inventory have rotted away.
Found a stone staircase leading down.
There is a stone staircase leading down here.
You open the door.
An ogre comes into view. It is wielding a +0 giant club.
The ogre shouts!
There is an open door here.
An ogre is nearby!
An ogre is nearby!
The ogre hits you with a +0 giant club!
You hit the ogre.
The ogre is lightly wounded.
You block the ogre's attack.
You hit the ogre.
The ogre is moderately wounded.
The ogre hits you with a +0 giant club!!
You die...

###### #....# **#....##### ,
+....'..>#### *
#...@##.....# #...O##..##.#
#....##...#.# *
#....##..##+#### * ,
########....##.........
####......#....##.........,
,..##......#....##.........,
* #.##......#######.........
###.##......# #..........


You could see an ogre.

Vanquished Creatures
  An ogre (D:4)
  A worker ant zombie (D:4)
  4 adders
  A worm (D:4)
  A leopard gecko (D:1)
  2 bats (D:1)
  3 goblins
  4 hobgoblins
  4 jackals (D:1)
  2 frilled lizards (D:2)
  2 rats
25 creatures vanquished.

Vanquished Creatures (others)
  A dart slug (D:1)
1 creature vanquished.

Grand Total: 26 creatures vanquished

Notes
Turn   | Place    | Note
-------+----------+-------------------------------------------
     0 | D:1      | Flugslaktarn the Deep Dwarf Fighter began the quest for the
                  | Orb.
     0 | D:1      | Reached XP level 1. HP: 20/20 MP: 1/1
    47 | D:1      | Reached XP level 2. HP: 27/27 MP: 2/2
   350 | D:2      | Reached XP level 3. HP: 34/34 MP: 3/3
   654 | D:4      | Noticed an ogre
   676 | D:4      | Reached XP level 4. HP: 42/42 MP: 4/4
   678 | D:4      | Killed an ogre
   678 | D:4      | Reached skill level 4 in Armour
   678 | D:4      | Reached XP level 5. HP: 39/50 MP: 5/5
   727 | D:4      | Noticed an ogre
   730 | D:4      | Slain by an ogre

Levels and vault maps discovered:
D:1:      grunt_arrival_lava_bath, layout_loops_corners,
          roderic_serpentine_path, st_stairs_14, lemuel_old_faithful
D:2:      layout_rooms, led_sif_pool, first_ration, serial_rivers,
          chequers_serial_rivers_micro_a, chequers_serial_rivers_room_a,
          chequers_serial_rivers_micro_e, chequers_serial_rivers_micro_c,
          chequers_serial_rivers_room_b
D:3:      minmay_door_path, layout_basic, lemuel_round_altar, vehumet_crystals
D:4:      wad_crossroads, layout_basic, minmay_temple_entry_nine_rooms,
          interstate_on_off, lemuel_tele_altar

Skill      XL: |  1  2  3  4 |
---------------+-------------+-----
Fighting       | 3 |  3.8
Axes           | 3 |  3.8
Armour         | 4 |  4.0
Shields        | |  3.9

Action                   |  1- 3 |  4- 6 || total
-------------------------+-------+-------++-------
Melee: War axe           |    80 |    14 ||    94
 Abil: Heal Wounds       |     4 |       ||     4
Armor: Scale mail        |    32 |       ||    32
Dodge: Dodged            |    25 |     1 ||    26
Block: Kite shield       |    57 |     3 ||    60

Table legend:
 A = Non-vault XP
 B = Vault XP
 C = Vault XP percentage of total XP
 D = Non-vault monster count
 E = Vault monster count
 F = Vault count percentage of total count
                 A         B        C        D         E       F
            +---------+---------+-------+---------+---------+-------
      Total |     228 |       0 |   0.0 |      25 |       0 |   0.0
            +---------+---------+-------+---------+---------+-------
        D:1 |      22 |       0 |   0.0 |      11 |       0 |   0.0
        D:2 |      37 |       0 |   0.0 |       8 |       0 |   0.0
        D:3 |      27 |       0 |   0.0 |       3 |       0 |   0.0
        D:4 |     142 |       0 |   0.0 |       3 |       0 |   0.0
            +---------+---------+-------+---------+---------+-------
